Map: Golden Wall LE

Players

TuxSwarm - Winner!

  • Race: Zerg Zerg
  • League: Platinum
  • Spawn Location: 5:00

Morgoth

  • Race: Terran Terran
  • League: Platinum
  • Spawn Location: 7:00

VOD

Have the link to the VOD?

Description

This is a replay of a platinum league match where the zerg player is going for a Roach/Ravager push after he scouted a double factory opening

Time

  • Played on: April 15, 2020, 7:12 a.m.
  • Length: 8:42
Show
View Real Time Build Order
Export as new Build Order

TuxSwarm Zerg - Winner!

Build Orders: Roach Ravager Push, Hatch First 

Get SALT Encoding   

  12  0:01  Drone  
  13  0:12  Overlord  
  13  0:17  Drone  
  14  0:32  Drone x2  
  16  0:49  Hatchery  
  15  0:52  Drone  
  15  0:56  Drone  
  17  0:59  Drone  
  17  1:02  Extractor  
  17  1:18  Drone, Spawning Pool  
  17  1:21  Drone  
  18  1:30  Drone  
  19  1:40  Overlord  
  19  2:05  Zergling x2  
  19  2:06  Zergling x2  
  19  2:08  Queen  
  23  2:09  Queen  
  23  2:12  Drone  
  23  2:13  Drone x2  
  28  2:20  Metabolic Boost  
  28  2:21  Drone  
  29  2:24  Drone  
  30  2:32  Drone  
  30  2:34  Drone  
  32  2:43  Drone  
  33  2:45  Baneling Nest  
  33  2:48  Overlord  
  32  2:54  Queen  
  32  2:55  Drone  
  32  2:57  Drone  
  36  3:05  Overlord  
  36  3:15  Drone  
  37  3:22  Drone  
  37  3:23  Drone  
  37  3:24  Drone  
  37  3:26  Drone  
  41  3:28  Hatchery  
  40  3:35  Queen  
  42  3:43  Zergling x2  
  42  3:44  Zergling x6  
  46  4:02  Lair  
  46  4:11  Evolution Chamber  
  46  4:15  Evolution Chamber  
  44  4:30  Overlord  
  44  4:31  Overlord  
  44  4:39  Queen  
  46  4:48  Drone  
  46  4:49  Drone  
  46  4:50  Roach Warren  
  46  4:51  Drone x3  
  46  4:52  Extractor  
  49  4:54  Drone  
  49  4:55  Drone x5  
  49  4:59  Extractor  
  54  5:02  Queen, Extractor  
  55  5:23  Drone x2  
  55  5:24  Drone  
  55  5:25  Drone x3  
  55  5:27  Drone  
  63  5:28  Drone  
  63  5:30  Spore Crawler  
  63  5:31  Drone  
  63  5:33  Spore Crawler  
  62  5:37  Pneumatized Carapace  
  62  5:38  Centrifical Hooks  
  62  5:48  Roach  
  62  5:49  Roach  
  66  5:53  Zerg Ground Armor Level 1  
  66  5:54  Zerg Missile Weapons Level 1  
  66  5:55  Overlord x2  
  66  6:23  Overseer x2  
  66  6:27  Roach  
  66  6:28  Roach x7  
  66  6:31  Overlord x2  
  82  6:55  Glial Reconstitution  
  82  6:57  Roach  
  82  6:58  Roach x7  
  82  7:00  Overlord  
  82  7:01  Overlord x2  
  96  7:31  Roach  
  96  7:32  Roach x7  
  96  7:33  Roach x4  
  120  7:47  Overlord  
  120  7:48  Overlord x2  
  112  7:59  Ravager  
  113  8:10  Ravager x2  
  113  8:12  Zergling x2  
  116  8:13  Zergling x10  
Show
View Real Time Build Order
Export as new Build Order

Morgoth Terran 

Build Orders: 2 Factory, Mech 

Get SALT Encoding   

  12  0:00  SCV  
  13  0:13  SCV  
  14  0:20  Supply Depot  
  14  0:25  SCV  
  15  0:42  SCV  
  16  0:44  Barracks  
  16  0:47  Refinery  
  16  0:54  SCV  
  17  0:58  Refinery  
  17  1:06  SCV  
  18  1:27  SCV  
  19  1:34  Supply Depot  
  19  1:41  Factory  
  19  1:42  Orbital Command  
  19  1:50  Marine  
  20  2:03  Bunker  
  20  2:09  SCV  
  20  2:10  Marine  
  22  2:25  Factory Tech Lab  
  22  2:26  SCV  
  23  2:31  Factory  
  23  2:55  Command Center  
  23  2:57  Reaper  
  24  3:06  Siege Tank  
  24  3:10  SCV  
  28  3:17  Factory Reactor  
  28  3:22  SCV  
  29  3:27  Refinery  
  29  3:30  Marine  
  30  3:34  SCV  
  30  3:40  Supply Depot  
  31  3:55  SCV  
  31  4:02  Cyclone, Widow Mine x2  
  38  4:04  Supply Depot  
  38  4:07  SCV  
  39  4:12  Supply Depot  
  39  4:16  Orbital Command  
  39  4:23  Marine  
  40  4:29  SCV  
  41  4:36  Cyclone  
  44  4:41  SCV  
  44  4:43  SCV, Supply Depot  
  46  4:53  SCV  
  46  4:55  SCV  
  46  4:59  Supply Depot  
  48  5:03  Engineering Bay  
  48  5:07  Armory  
  48  5:11  Widow Mine  
  48  5:13  Widow Mine  
  48  5:14  SCV  
  53  5:22  Supply Depot  
  53  5:26  SCV  
  53  5:27  SCV  
  55  5:32  Refinery  
  55  5:38  SCV  
  55  5:39  SCV  
  57  5:51  SCV x2  
  57  5:54  Siege Tank, Widow Mine  
  57  5:55  Widow Mine  
  66  6:06  Marine, SCV x2  
  69  6:14  Factory  
  69  6:18  SCV  
  69  6:19  SCV  
  69  6:21  Widow Mine x2  
  69  6:23  Marine  
  69  6:24  Factory  
  76  6:43  Missile Turret  
  76  6:49  Widow Mine x2  
  80  7:06  Factory Reactor  
  80  7:11  Missile Turret  
  80  7:14  Factory Tech Lab  
  80  7:15  Siege Tank  
  83  7:29  Factory  
  80  7:50  Missile Turret  
  76  8:10  Widow Mine x2  
  68  8:31  Factory Tech Lab  
Tags
 
Add a new tag
Caveats
  • Supply blocks, unpowered buildings, or Contaminate may cause inaccurate times.
  • Supply counts are checked every 10 seconds.